[Event "Team 45 45 League T57"]
[Site "Internet Chess Club"]
[Date "2013.06.09"]
[Round "3"]
[White "medsurg"]
[Black "SeniorCitizen"]
[Result "1-0"]
[WhiteElo "1334"]
[BlackElo "1274"]
[Opening "Sicilian defense"]
[ECO "B40"]
[Time "16:06:08"]
[TimeControl "2700+45"]

1. e4 c5 2. Nf3 e6 3. c3 Nf6 4. Bd3 g6 5. Bc2 Bg7 6. d4 cxd4 7. cxd4 d6 8. Nc3
Nc6 9. Bg5 Qb6 10. O-O O-O 11. Na4 Qc7 12. Rc1 b5 13. Nc3 Ba6 14. Re1 e5 15.
Bxf6 Bxf6 16. Nd5 Qd8 17. dxe5 dxe5 18. Qd2 Bg7 19. Bb3 Bb7 20. Rcd1 Ne7 21.
Nxe7+ Qxe7 22. Qd7 Qxd7 23. Rxd7 Rab8 24. Ng5 {Black resigns} 1-0

[Event "Team 45 45 League T57"]
[Site "Internet Chess Club"]
[Date "2013.06.10"]
[Round "3"]
[White "jjaco"]
[Black "tcianciola"]
[Result "0-1"]
[WhiteElo "1068"]
[BlackElo "1179"]
[Opening "Sicilian defense"]
[ECO "B20"]
[Time "20:01:00"]
[TimeControl "2700+45"]

1. e4 c5 2. Bb5 a6 3. Ba4 b5 4. Bb3 c4 5. Bxc4 bxc4 6. c3 Nc6 7. d3 cxd3 8. Qxd3
e5 9. Nd2 Nf6 10. Ne2 Bc5 11. b4 Bxf2+ 12. Kxf2 Ng4+ 13. Ke1 Qf6 14. Nf3 O-O 15.
Rf1 Re8 16. Bg5 Qg6 17. Qd2 h6 18. Be3 Qxe4 19. Bf2 Qf5 20. h3 Nxf2 21. Ng3 Qg6
22. Kxf2 e4 23. Nxe4 Rxe4 24. Rae1 Bb7 25. Re3 Rae8 26. Rfe1 d5 27. Qxd5 Rxe3
28. Qd2 Rxe1 29. Nxe1 Qf6+ 30. Nf3 Ne5 31. Qd1 Nxf3 32. gxf3 Qxc3 33. Kg3 Qxb4
34. Qd7 Qe7 35. Qa4 Qe5+ 36. Qf4 Qxf4+ 37. Kxf4 Re2 38. a3 Rf2 39. h4 Rxf3+ 40.
Kg4 Rxa3 41. h5 Ra4+ {White resigns} 0-1

[Event "Team 45 45 League T57"]
[Site "Internet Chess Club"]
[Date "2013.06.10"]
[Round "3"]
[White "WzeroMN"]
[Black "theartist"]
[Result "0-1"]
[WhiteElo "1070"]
[BlackElo "1153"]
[Opening "French: advance variation"]
[ECO "C02"]
[Time "13:17:01"]
[TimeControl "2700+45"]

1. e4 e6 2. d4 d5 3. e5 c5 4. c3 Nc6 5. Bb5 Bd7 6. Nf3 Nxe5 7. Bxd7+ Nxd7 8. O-O
Ngf6 9. Bg5 h6 10. Bf4 Qb6 11. Qb3 Qxb3 12. axb3 Be7 13. Nbd2 O-O 14. Rfe1 a6
15. c4 Rac8 16. cxd5 Nxd5 17. Bg3 Bf6 18. Bd6 Rfe8 19. dxc5 Nxc5 20. Rac1 Nd3
21. Rxc8 Rxc8 22. Rb1 Nxb2 23. Ba3 Nd3 24. Ne1 Nxe1 25. Rxe1 Rc2 26. Ne4 Be7 27.
Bxe7 Nxe7 28. h3 Nd5 29. Rb1 Nc3 30. Nxc3 Rxc3 31. Kf1 a5 32. Ke2 Rc2+ 33. Kf1
b5 34. Ra1 Rb2 35. Rxa5 Rxb3 36. Ra8+ Kh7 37. Rb8 Rb2 38. f3 h5 39. Rb7 f6 40.
Re7 e5 41. Rf7 b4 42. Rf8 Kg6 43. Rb8 Kf5 44. Rh8 g6 45. Rh6 Kg5 46. Rh8 Kf4 47.
Rh6 Kg5 48. Rh8 f5 49. Rg8 e4 50. fxe4 fxe4 51. Re8 Kf4 52. Rf8+ Kg3 53. Re8
Rxg2 54. Rxe4 Rb2 55. Re5 Kf3 56. Ke1 Rh2 57. Rb5 Rxh3 58. Rxb4 Rh2 59. Rb3+ Kf4
60. Rb4+ Kg5 61. Rb5+ Kh6 62. Kf1 h4 63. Kg1 Rd2 64. Rb8 g5 65. Rh8+ Kg6 66.
Rg8+ Kf5 67. Rf8+ Kg4 68. Rf2 Rxf2 69. Kxf2 Kf4 70. Kg1 g4 71. Kf2 h3 72. Kg1 g3
73. Kh1 Kf3 74. Kg1 g2 75. Kh2 Kf2 76. Kxh3 g1=Q 77. Kh4 Kf3 78. Kh5 Kf4 79. Kh6
Kf5 80. Kh7 Kf6 {White resigns} 0-1

[Event "Team 45 45 League T57"]
[Site "Internet Chess Club"]
[Date "2013.06.08"]
[Round "3"]
[White "Conjurer"]
[Black "dabodhi"]
[Result "0-1"]
[WhiteElo "1455"]
[BlackElo "1342"]
[Opening "Queen's Indian defense"]
[ECO "A47"]
[Time "14:08:13"]
[TimeControl "2700+45"]

1. d4 Nf6 2. Nf3 b6 3. Bf4 d5 4. e3 e6 5. Bd3 Nbd7 6. O-O Be7 7. Nbd2 Bb7 8. Rc1
c5 9. c4 Nh5 10. Qc2 Nxf4 11. exf4 Nf6 12. Ng5 g6 13. Nb3 Qd6 14. g3 Rc8 15.
dxc5 bxc5 16. Na5 Ba6 17. Rfd1 d4 18. Ne4 Qb6 19. Qa4+ Kf8 20. a3 Bb7 21. Nxb7
Qxb7 22. Qb5 Qa8 23. b4 Nxe4 24. Bxe4 Qxe4 25. Re1 Qc6 26. Qxc6 Rxc6 27. b5 Rd6
28. Rcd1 Kg7 29. Re5 Rb6 30. a4 Bd6 31. Re2 Ra8 32. a5 Rb7 33. Rd3 f6 34. Rxe6
Be7 35. Rc6 Re8 36. Kg2 Bf8 37. g4 Re2 38. Kg3 Rc2 39. a6 Rd7 40. b6 axb6 41.
Rxb6 Rxc4 42. Rb7 Rxb7 43. axb7 Rb4 44. Kf3 Rxb7 45. Ke2 Bd6 46. Rf3 g5 47. fxg5
fxg5 48. h3 Bf4 49. Kd1 c4 50. Kc2 d3+ 51. Rxd3 cxd3+ 52. Kxd3 Re7 {White
resigns} 0-1

[Event "Team 45 45 League T57"]
[Site "Internet Chess Club"]
[Date "2013.06.06"]
[Round "3"]
[White "Aquaman"]
[Black "guyd52"]
[Result "1/2-1/2"]
[WhiteElo "1322"]
[BlackElo "1358"]
[Opening "Nimzovich-Larsen attack: Indian variation"]
[ECO "A01"]
[Time "20:01:47"]
[TimeControl "2700+45"]

1. b3 Nf6 2. Bb2 d6 3. e3 Nbd7 4. d4 g6 5. Nf3 Bg7 6. Be2 O-O 7. O-O c6 8. c4
Re8 9. Nbd2 e5 10. dxe5 Nxe5 11. Rb1 Bf5 12. Rc1 Nd3 13. Bxd3 Bxd3 14. Re1 Be4
15. Nxe4 Nxe4 16. Bxg7 Kxg7 17. Nd2 Nc5 18. Qc2 Qg5 19. Nf3 Qg4 20. Rcd1 Rad8
21. h3 Qh5 22. Nd4 Re5 23. Qb2 f6 24. Nf3 Re7 25. Rd4 Re4 26. Red1 d5 27. cxd5
Rxd5 28. Qc2 Rexd4 29. Nxd4 Qe5 {Game drawn by mutual agreement} 1/2-1/2

[Event "Team 45 45 League T57"]
[Site "Internet Chess Club"]
[Date "2013.06.06"]
[Round "3"]
[White "wekabird"]
[Black "semperfi"]
[Result "0-1"]
[WhiteElo "1195"]
[BlackElo "1382"]
[Opening "English opening"]
[ECO "D35"]
[Time "19:00:07"]
[TimeControl "2700+45"]

1. c4 e6 2. Nc3 d5 3. cxd5 exd5 4. d4 Nf6 5. h3 c5 6. Nf3 Nc6 7. g3 Bd6 8. Bg5
h6 9. Bxf6 Qxf6 10. Nxd5 Qd8 11. Nc3 O-O 12. Bg2 Re8 13. O-O Be6 14. b3 Qd7 15.
Kh2 Bf5 16. Nb5 Be7 17. Re1 Nb4 18. e4 Qxb5 19. exf5 f6 20. a4 Qd7 21. Re4 Qxf5
22. Qe2 Qd7 23. Qc4+ Qd5 24. Qxd5+ Nxd5 25. Rae1 Kf8 26. Nh4 Rad8 27. Ng6+ Kf7
28. Nf4 Nxf4 29. gxf4 cxd4 30. Rd1 d3 31. Bf3 g6 32. Rd2 b6 33. Re3 Bb4 34. Rxe8
Kxe8 35. Bc6+ Ke7 36. Rd1 d2 37. Bf3 Rc8 38. Rxd2 Bxd2 39. Be4 Bxf4+ 40. Kg2 f5
41. Bb7 Rc2 42. Kf3 Bg5 43. b4 Bh4 44. a5 bxa5 45. bxa5 Rxf2+ 46. Ke3 f4+ 47.
Kd4 Ra2 48. a6 Rxa6 49. Bxa6 f3 50. Kd5 f2 51. Kc6 Kf6 52. Kb7 Ke5 53. Kxa7 Kf4
54. Kb7 Kg3 55. Kc7 Kxh3 56. Kd7 g5 57. Ke6 g4 58. Ke5 g3 59. Kf4 g2 60. Bc8+
Kh2 {White resigns} 0-1

[Event "Team 45 45 League T57"]
[Site "Internet Chess Club"]
[Date "2013.06.09"]
[Round "3"]
[White "artspir"]
[Black "WilmaP"]
[Result "0-1"]
[WhiteElo "1141"]
[BlackElo "1081"]
[Opening "Queen's pawn game"]
[ECO "D02"]
[Time "14:00:28"]
[TimeControl "2700+45"]

1. d4 d5 2. Nf3 c6 3. Bf4 Nd7 4. e3 e6 5. Nbd2 Be7 6. Bd3 Ngf6 7. h3 Nh5 8. Bh2
Bf6 9. O-O e5 10. c3 e4 11. Be2 exf3 12. Bxf3 g6 13. Bxh5 gxh5 14. Qxh5 Qe7 15.
Qg4 Nf8 16. Qf3 Rg8 17. c4 Ne6 18. Qd1 Ng5 19. Kh1 Be6 20. cxd5 Bxd5 21. f3
O-O-O 22. b3 Qxe3 23. Nc4 Qxd4 24. Nd6+ Kd7 25. Nxb7 Qxa1 26. Nc5+ Kc8 27. Qd3
Qxa2 28. Qf5+ Ne6 29. Qxf6 Qxg2# {White checkmated} 0-1

[Event "Team 45 45 League T57"]
[Site "Internet Chess Club"]
[Date "2013.06.07"]
[Round "3"]
[White "RamRock"]
[Black "netballgirl"]
[Result "1-0"]
[WhiteElo "1902"]
[BlackElo "1780"]
[Opening "French: exchange variation"]
[ECO "C01"]
[Time "20:00:06"]
[TimeControl "2700+45"]

1. e4 e6 2. d4 d5 3. exd5 exd5 4. Nf3 Nf6 5. Bd3 Bd6 6. O-O O-O 7. h3 c5 8. c3
Nc6 9. Be3 c4 10. Bc2 Ne7 11. Nbd2 Bf5 12. Ne5 Bxc2 13. Qxc2 Nd7 14. Bf4 Qc7 15.
Nxd7 Qxd7 16. Bxd6 Qxd6 17. Nf3 Qg6 18. Qxg6 Nxg6 19. Rfe1 Rfe8 20. Ne5 Nf4 21.
Kf1 f6 22. Ng4 Nd3 23. Rxe8+ Rxe8 24. Ne3 Rd8 25. b3 b5 26. bxc4 bxc4 27. Rb1
Rd7 28. Rb5 Nf4 29. h4 Ng6 30. Rxd5 Rxd5 31. Nxd5 Nxh4 32. Ne3 Kf7 33. Nxc4 Ke6
34. Ne3 Ng6 35. g3 Ne7 36. c4 Kd6 37. Ke2 g6 38. Kd3 Nc6 39. c5+ Kd7 40. a3 f5
41. f4 Ke7 42. d5 Na5 43. Kd4 Nb3+ 44. Kc4 Nd2+ 45. Kb5 Ne4 46. g4 fxg4 47. Nxg4
Nc3+ 48. Kc6 h5 49. Ne5 Ne2 50. Nxg6+ Kd8 51. f5 Nd4+ 52. Kb7 Nxf5 53. c6 Nd6+
54. Kxa7 Kc7 55. Ka6 Nf5 56. Kb5 h4 57. Nf4 Nd6+ 58. Kc5 Ne4+ 59. Kd4 Ng5 60.
Ke3 h3 61. Kf2 Ne4+ 62. Kf3 h2 63. Kg2 h1=Q+ 64. Kxh1 Kd6 65. Kg2 Nc3 66. Kf3
Nb5 67. a4 Nd4+ 68. Ke4 Nxc6 69. dxc6 Kxc6 70. Kd4 Kb6 71. Kc4 Ka5 72. Kb3 Ka6
73. Kb4 Kb6 74. a5+ Ka6 75. Ka4 Ka7 76. Kb5 Kb7 77. a6+ Ka7 78. Nd5 Kb8 79. Kb6
Ka8 80. Nc7+ Kb8 81. a7+ {Black resigns} 1-0

[Event "Team 45 45 League T57"]
[Site "Internet Chess Club"]
[Date "2013.06.08"]
[Round "3"]
[White "lemanofzorn"]
[Black "kidcobra"]
[Result "0-1"]
[WhiteElo "1563"]
[BlackElo "1757"]
[Opening "QGD: 4.Bg5 Be7"]
[ECO "D53"]
[Time "18:25:28"]
[TimeControl "2700+45"]

1. d4 d5 2. c4 e6 3. Nc3 Nf6 4. Bg5 Be7 5. Nf3 Nc6 6. e3 h6 7. Bh4 O-O 8. Bd3
dxc4 9. Bxc4 Nd5 10. Bxe7 Ncxe7 11. O-O Nxc3 12. bxc3 Nd5 13. e4 Nb6 14. Bb3 a5
15. Qd3 c5 16. Bc2 cxd4 17. cxd4 Nd7 18. Rfe1 b6 19. e5 f5 20. exf6 Nxf6 21. a4
Ba6 22. Qe3 Bc4 23. Ne5 Bd5 24. Rab1 Rc8 25. Bb3 Bxb3 26. Qxb3 Nd5 27. Ng4 h5
28. Ne3 Rb8 29. Nxd5 Qxd5 30. Rxe6 Qxb3 31. Rxb3 Rbc8 32. Rb1 Rc4 33. Rexb6 Rxd4
34. R6b5 Rxa4 35. Rxh5 Ra2 36. f3 Rd8 37. g4 Rdd2 38. Rb8+ Kf7 39. Rf5+ Ke7 40.
Re5+ Kd6 41. Rd8+ Kxe5 42. Rxd2 Rxd2 43. Kf1 Kd4 44. Ke1 Ke3 45. f4 Rxh2 46. f5
Rh1# {White checkmated} 0-1

[Event "Team 45 45 League T57"]
[Site "Internet Chess Club"]
[Date "2013.06.10"]
[Round "3"]
[White "amicusUK"]
[Black "Bryant-L"]
[Result "0-1"]
[WhiteElo "1618"]
[BlackElo "1542"]
[Opening "QGD Slav: exchange variation, 6.Bf4 Bf5"]
[ECO "D14"]
[Time "14:00:07"]
[TimeControl "2700+45"]

1. d4 d5 2. Nf3 Nf6 3. c4 c6 4. cxd5 cxd5 5. Nc3 Nc6 6. Bf4 Bf5 7. e3 e6 8. Bd3
Bg4 9. h3 Bxf3 10. gxf3 Nh5 11. Bh2 Qh4 12. Nb5 Bb4+ 13. Ke2 O-O 14. a3 Be7 15.
Qc2 Rac8 16. Qd1 a6 17. Nc3 f5 18. Qf1 f4 19. Qg2 fxe3 20. fxe3 Qf6 21. Qg4 Qf7
22. Rhg1 Nf6 23. Qg2 Rcd8 24. Raf1 Bd6 25. Bxd6 Rxd6 26. f4 Rd7 27. Qf3 Ne7 28.
Rg5 h6 29. Rg2 Nf5 30. Bxf5 exf5 31. Rfg1 Qe6 32. Rg6 Kh7 33. Qg2 Rff7 34. Rxh6+
gxh6 35. Qg6+ Kh8 36. Qxh6+ Rh7 37. Rg8+ Kxg8 {White resigns} 0-1

[Event "Team 45 45 League T57"]
[Site "Internet Chess Club"]
[Date "2013.06.07"]
[Round "3"]
[White "JohLeb"]
[Black "KidRattler"]
[Result "1-0"]
[WhiteElo "1339"]
[BlackElo "1434"]
[Opening "QGD semi-Slav"]
[ECO "D43"]
[Time "14:17:31"]
[TimeControl "2700+45"]

1. d4 d5 2. c4 c6 3. Nc3 Nf6 4. Nf3 e6 5. Bg5 Be7 6. e3 Nbd7 7. Bd3 O-O 8. O-O
Qc7 9. c5 Re8 10. Bf4 Qd8 11. Ne5 Nxe5 12. Bxe5 Bd7 13. Qf3 b5 14. b4 a6 15. a4
h6 16. a5 Bc8 17. Kh1 Kh8 18. Rg1 Nh7 19. Qxf7 Bf6 20. Bxf6 Nxf6 21. g4 Re7 22.
Qg6 Ne4 23. Nxe4 dxe4 24. Bxe4 Qg8 25. g5 Bd7 26. gxh6 Be8 27. hxg7+ Qxg7 28.
Qxg7+ Rxg7 29. Rxg7 Kxg7 30. Rg1+ Kf6 31. Rg3 Ra7 32. Kg2 e5 33. f3 exd4 34.
exd4 Ra8 35. Kf2 Rd8 36. Ke3 Bd7 37. Rg6+ Kf7 38. Rd6 Ke7 39. Bxc6 Bxc6 40. Rxc6
Rh8 41. Rxa6 Rxh2 42. Rb6 Rb2 43. Rxb5 Rb3+ 44. Ke4 Rb1 45. Kd5 Rxb4 46. Rxb4
Kf6 47. a6 Kg5 48. a7 Kf4 49. Rb3 Kg3 50. a8=Q Kf2 51. Qe8 Kg3 52. f4+ Kg4 53.
Ke5 Kh4 54. Qg8 Kh5 55. Rh3# {Black checkmated} 1-0

[Event "Team 45 45 League T57"]
[Site "Internet Chess Club"]
[Date "2013.06.09"]
[Round "3"]
[White "Portola"]
[Black "Constrictor"]
[Result "0-1"]
[WhiteElo "1823"]
[BlackElo "1743"]
[Opening "Queen's pawn"]
[ECO "A40"]
[Time "20:05:07"]
[TimeControl "2700+45"]

1. d4 c6 2. Bf4 d5 3. e3 Nf6 4. Bd3 Bg4 5. Ne2 e6 6. c3 Bd6 7. Bg3 Bxg3 8. hxg3
Qb6 9. Qc2 Nbd7 10. b4 O-O-O 11. a4 e5 12. dxe5 Nxe5 13. Bf5+ Kb8 14. Bxg4 Nexg4
15. a5 Qc7 16. O-O h5 17. Nd2 h4 18. Nf3 hxg3 19. Nxg3 Nxe3 20. fxe3 Qxg3 21.
Qd3 Ng4 22. Rae1 Rh6 {White resigns} 0-1

[Event "Team 45 45 League T57"]
[Site "Internet Chess Club"]
[Date "2013.06.07"]
[Round "3"]
[White "Hal2001"]
[Black "kabindra"]
[Result "1-0"]
[WhiteElo "1618"]
[BlackElo "1730"]
[Opening "Scotch gambit: Dubois-Réti defense"]
[ECO "C55"]
[Time "08:11:35"]
[TimeControl "2700+45"]

1. e4 e5 2. Nf3 Nc6 3. d4 exd4 4. Bc4 Nf6 5. e5 d5 6. Bb5 Ne4 7. Nxd4 Bc5 8. O-O
O-O 9. Bxc6 bxc6 10. f3 Ng5 11. f4 Ne4 12. Be3 Qh4 13. Nd2 Bg4 14. N2f3 Qh5 15.
Qe1 Rab8 16. Rb1 Qg6 17. Nh4 Bxd4 18. Nxg6 Bxe3+ 19. Qxe3 fxg6 20. h3 Bf5 21. b3
c5 22. c3 d4 23. cxd4 cxd4 24. Qxd4 Ng3 25. Qc4+ Kh8 26. Rfe1 Bxb1 27. Rxb1 Rbd8
28. Kh2 Nf5 29. Qxc7 Ne3 30. Re1 Nd5 31. Qxa7 Nxf4 32. e6 Rfe8 33. Qf7 g5 34. e7
Rc8 35. Rf1 Ng6 36. Re1 Nf4 37. a4 h6 38. Rd1 Kh7 39. a5 Ng6 40. Re1 Ra8 41. b4
Nh8 42. Qf5+ Ng6 43. Re6 {Black resigns} 1-0

[Event "Team 45 45 League T57"]
[Site "Internet Chess Club"]
[Date "2013.06.09"]
[Round "3"]
[White "evan7284"]
[Black "alaskauk"]
[Result "1/2-1/2"]
[WhiteElo "1726"]
[BlackElo "1478"]
[Opening "Torre attack (Tartakower variation)"]
[ECO "D03"]
[Time "11:01:27"]
[TimeControl "2700+45"]

1. d4 d5 2. Nf3 Nf6 3. Bg5 c6 4. Bxf6 exf6 5. e3 Bf5 6. Bd3 Bxd3 7. Qxd3 Bd6 8.
O-O Qb6 9. Qb3 Nd7 10. Nbd2 Qxb3 11. axb3 O-O 12. c4 Rfc8 13. cxd5 cxd5 14. Rfc1
a6 15. Kf1 Rc7 16. Rxc7 Bxc7 17. Rc1 Bd6 18. e4 Bf4 19. exd5 Nb6 20. g3 Bxd2 21.
Nxd2 Nxd5 22. Rc5 Rd8 23. Nf3 g6 24. Ke2 Kf8 25. Kd3 Ke7 26. Nd2 Rd7 27. Nf1 Nb6
28. Ne3 Ke6 29. Nc4 Nd5 30. Ne3 Nb6 31. g4 h6 32. Ke4 Re7 33. Nd5 Nxd5 34. Rxd5
Rd7 35. Rxd7 Kxd7 36. Kd5 b6 37. f4 g5 38. f5 Kc7 39. b4 Kd7 40. b3 Kc7 41. Kc4
Kd6 42. b5 a5 43. d5 Ke5 44. h3 Kd6 45. Kd4 Kd7 46. Kc4 Kd6 47. Kd4 {Game drawn
by mutual agreement} 1/2-1/2

[Event "Team 45 45 League T57"]
[Site "Internet Chess Club"]
[Date "2013.06.09"]
[Round "3"]
[White "ricnic"]
[Black "g8wrb"]
[Result "1/2-1/2"]
[WhiteElo "1552"]
[BlackElo "1469"]
[Opening "Queen's pawn: London system"]
[ECO "A45"]
[Time "15:00:29"]
[TimeControl "2700+45"]

1. d4 Nf6 2. Bf4 e6 3. e3 b6 4. c3 Bb7 5. h3 Bd6 6. Bxd6 cxd6 7. Nf3 O-O 8. Bd3
Re8 9. Nbd2 e5 10. dxe5 dxe5 11. Bc2 d5 12. O-O Nbd7 13. Re1 Rc8 14. Qb1 h6 15.
e4 dxe4 16. Nxe4 Nxe4 17. Bxe4 Bxe4 18. Qxe4 f6 19. Qd5+ Kh8 20. Rad1 Nc5 21.
Qf7 Qc7 22. Qg6 Qc6 23. Re2 Ne6 24. Red2 Nf4 25. Qf5 Qe6 26. Qxe6 Nxe6 27. Nh4
Kh7 28. Nf5 Red8 29. Rxd8 Rxd8 30. Rxd8 Nxd8 31. Nd6 Kg6 32. Kf1 Kg5 33. Ke2 f5
34. b4 a6 35. a4 Kf6 36. Nc8 b5 37. axb5 axb5 38. Na7 Ke6 39. Nxb5 Nb7 40. Kd3
g5 41. c4 h5 42. c5 Kd5 43. Nc7+ Kc6 44. Ne6 g4 45. hxg4 hxg4 46. g3 Kb5 47. Ng7
Kxb4 48. c6 Nd6 49. c7 Kc5 50. Nxf5 e4+ 51. Ke3 Nxf5+ 52. Kxe4 Nd6+ 53. Kf4 Kc6
54. c8=Q+ Nxc8 55. Kxg4 Kd6 56. Kf5 Ke7 57. f4 Nd6+ 58. Kg6 Kf8 59. g4 Kg8 60.
f5 Nf7 61. Kh5 Kg7 62. g5 Nh8 63. f6+ Kf7 64. Kh6 Ng6 65. Kh7 Nf8+ 66. Kh6 Ng6
{Game drawn by mutual agreement} 1/2-1/2

[Event "Team 45 45 League T57"]
[Site "Internet Chess Club"]
[Date "2013.06.10"]
[Round "3"]
[White "rahulr"]
[Black "oldsj"]
[Result "0-1"]
[WhiteElo "1569"]
[BlackElo "1610"]
[Opening "King's Indian: Four pawns attack"]
[ECO "A68"]
[Time "13:00:26"]
[TimeControl "2700+45"]

1. d4 Nf6 2. c4 g6 3. Nc3 Bg7 4. e4 d6 5. f4 O-O 6. Nf3 c5 7. d5 e6 8. Be2 exd5
9. cxd5 Bg4 10. O-O Re8 11. e5 dxe5 12. fxe5 Bxf3 13. Bxf3 Rxe5 14. Bf4 Re8 15.
Nb5 Na6 16. d6 Qb6 17. Qb3 c4+ 18. Be3 Rxe3 19. Qc2 Re2+ {White resigns} 0-1

[Event "Team 45 45 League T57"]
[Site "Internet Chess Club"]
[Date "2013.06.07"]
[Round "3"]
[White "Tjet"]
[Black "Check101"]
[Result "0-1"]
[WhiteElo "1483"]
[BlackElo "1595"]
[Opening "English, 1...Nf6 (Anglo-Indian defense)"]
[ECO "A15"]
[Time "17:15:51"]
[TimeControl "2700+45"]

1. c4 Nf6 2. g3 d6 3. Bg2 g6 4. Nc3 Bg7 5. e4 O-O 6. Nge2 e5 7. O-O Nc6 8. d3
Nh5 9. Be3 f5 10. exf5 gxf5 11. f4 Nf6 12. fxe5 dxe5 13. Bg5 Be6 14. Nd5 Qd6 15.
Nxf6+ Bxf6 16. Be3 Kh8 17. c5 Qd7 18. Qd2 Rg8 19. b3 f4 20. Bf2 e4 21. Bxe4 fxg3
22. Nxg3 Bxa1 23. Rxa1 Qg7 24. Rc1 Qg4 25. Bxc6 bxc6 26. Qc3+ Rg7 27. Bd4 Rg8
28. Bxg7+ Rxg7 29. Rf1 Kg8 30. Qf6 h5 31. Qf8+ Kh7 32. Qf4 h4 33. Qe4+ Qxe4 34.
dxe4 hxg3 35. hxg3 Rxg3+ 36. Kf2 Rh3 37. Rg1 Rh2+ 38. Rg2 Rxg2+ 39. Kxg2 Kg6 40.
Kg3 Kg5 41. Kf3 Bg4+ 42. Ke3 Kf6 43. b4 Ke5 44. a3 Bh3 45. Kd3 Bg2 46. Kc3 Bxe4
47. Kb3 Bd3 48. Ka4 Bb5+ 49. Ka5 a6 50. a4 Be2 51. b5 axb5 52. axb5 cxb5 {White
resigns} 0-1

[Event "Team 45 45 League T57"]
[Site "Internet Chess Club"]
[Date "2013.06.11"]
[Round "3"]
[White "seattleblues"]
[Black "stanbeers"]
[Result "1-0"]
[WhiteElo "1505"]
[BlackElo "1498"]
[Opening "Queen's pawn"]
[ECO "A40"]
[Time "21:00:08"]
[TimeControl "2700+45"]

1. d4 c6 2. Nf3 d6 3. Bf4 Nf6 4. c3 Bg4 5. e3 Nbd7 6. h3 Bh5 7. Nbd2 e5 8. Bh2
e4 9. g4 Bxg4 10. hxg4 exf3 11. Qxf3 Qa5 12. Nc4 Qg5 13. Nxd6+ Bxd6 14. Bxd6
O-O-O 15. Be2 Nb6 16. Bc5 g6 17. Be7 Nbd7 18. Bxd8 Rxd8 19. O-O-O Rf8 20. Kb1
Qa5 21. Rdg1 Qb6 22. Bc4 Qa5 23. g5 Nh5 24. Qe4 Qd8 25. Qc2 f5 26. Qb3 Nb6 27.
Be2 Qe8 28. Rd1 f4 29. Bg4+ Kb8 30. Rde1 f3 31. Bxh5 gxh5 32. Qc2 Qf7 33. Rh4
Nd5 34. Reh1 a6 35. Rxh5 Ka7 36. Rxh7 Qe6 37. g6 Rg8 38. Qb3 Rb8 39. Rg1 Qf6 40.
g7 Ne7 41. g8=Q Nxg8 42. Rxg8 Rxg8 43. Qxb7# {Black checkmated} 1-0

[Event "Team 45 45 League T57"]
[Site "Internet Chess Club"]
[Date "2013.06.09"]
[Round "3"]
[White "Fogbound"]
[Black "AtomicDog"]
[Result "1/2-1/2"]
[WhiteElo "1276"]
[BlackElo "1331"]
[Opening "Queen's pawn: London system"]
[ECO "A45"]
[Time "14:00:53"]
[TimeControl "2700+45"]

1. d4 Nf6 2. Bf4 e6 3. Nf3 d5 4. e3 Bd6 5. Bg3 O-O 6. Bd3 c5 7. c3 Nc6 8. Nbd2
cxd4 9. exd4 Re8 10. O-O e5 11. dxe5 Nxe5 12. Bc2 Bg4 13. h3 Bh5 14. Bh4 Ng6 15.
Bxg6 Bxg6 16. Qb3 Bc7 17. Rfe1 Qd6 18. Bg3 Qc6 19. Nd4 Qb6 20. Bxc7 Qxc7 21.
N2f3 Re4 22. Ng5 Re5 23. Rxe5 Qxe5 24. Ngf3 Qc7 25. Re1 Qd7 26. Ne5 Qe7 27. Ndf3
Qc7 28. Nxg6 hxg6 29. Qb4 Re8 30. Rxe8+ Nxe8 31. Qd4 b6 32. Qxd5 Nf6 33. Qd4 Qe7
34. Qc4 Qb7 35. Qd4 Qe7 36. Ne5 Qc7 37. Ng4 Nxg4 38. Qxg4 Qc6 39. Qd4 Qc7 40. a4
a5 41. b4 axb4 42. cxb4 Qc1+ 43. Kh2 Qc7+ 44. g3 Qb7 45. b5 Qa7 46. Qd8+ Kh7 47.
Qd4 Kg8 48. Qg4 Qa8 49. h4 Qa7 50. Qc8+ Kh7 51. Qc4 Qe7 52. Qd4 Qa7 53. Qe4 Kg8
{Game drawn by mutual agreement} 1/2-1/2

[Event "Team 45 45 League T57"]
[Site "Internet Chess Club"]
[Date "2013.06.05"]
[Round "3"]
[White "fireball"]
[Black "JasonModer"]
[Result "1/2-1/2"]
[WhiteElo "1688"]
[BlackElo "1516"]
[Opening "King's gambit"]
[ECO "C30"]
[Time "20:31:15"]
[TimeControl "2700+45"]

1. e4 e5 2. f4 d6 3. Nf3 Nc6 4. Bc4 Bg4 5. O-O Nd4 6. Bxf7+ Kxf7 7. Ng5+ Ke8 8.
Qxg4 Nxc2 9. fxe5 dxe5 10. Rxf8+ Kxf8 11. Ne6+ Ke8 12. Nxd8 Rxd8 13. Qxg7 Nxa1
14. Na3 Ne7 15. Qxh8+ Kd7 16. Qxe5 Rf8 17. b3 Nxb3 18. axb3 Ng6 19. Qd5+ Kc8 20.
Nb5 Nf4 21. Qd3 Nxd3 22. Ba3 Rf7 23. Nxa7+ Kb8 24. Nb5 Nf4 25. Nd4 b6 26. e5 c5
27. Nf3 Nd3 28. Kf1 Nxe5 29. Ke2 Nxf3 30. gxf3 Kc7 31. Bb2 Kd6 32. Ke3 Rf5 33.
Ke4 Rh5 34. Bc3 Ke6 35. d4 Rxh2 36. d5+ Ke7 37. Be5 Rh4+ 38. f4 Rh3 39. d6+ Kd7
40. f5 Rxb3 41. f6 Ke6 42. f7 Kxf7 43. Kd5 Ke8 44. Kc6 Rd3 45. Kxb6 Kd7 46. Kxc5
h5 47. Kc4 Rf3 48. Kd4 h4 49. Ke4 Rb3 50. Kf4 Rg3 51. Bf6 Kxd6 52. Bxh4 Ra3 53.
Bg3 Kd5 54. Kg4 Ke4 55. Bh4 Rf3 56. Be7 Rf7 57. Bc5 Rg7+ 58. Kh5 Kf4 59. Kh6 Rg2
60. Kh7 Kf5 61. Kh6 Kf6 62. Bd4+ Kf5 63. Bc5 {Game drawn by mutual agreement}
1/2-1/2

[Event "Team 45 45 League T57"]
[Site "Internet Chess Club"]
[Date "2013.06.09"]
[Round "3"]
[White "viktory"]
[Black "Ajolote"]
[Result "0-1"]
[WhiteElo "1435"]
[BlackElo "1547"]
[Opening "QGD Slav defense"]
[ECO "D10"]
[Time "18:07:33"]
[TimeControl "2700+45"]

1. d4 d5 2. c4 c6 3. Nc3 Nf6 4. e3 e6 5. Bd3 Bb4 6. Nf3 Bxc3+ 7. bxc3 O-O 8. O-O
Qc7 9. Nd2 Nbd7 10. Ba3 Re8 11. Rb1 b6 12. f4 Nf8 13. Bxf8 Rxf8 14. Rf3 Qe7 15.
Rh3 dxc4 16. Nxc4 h6 17. Qf3 Bb7 18. e4 c5 19. Re1 cxd4 20. cxd4 Rad8 21. Qg3
Kh8 22. e5 Nh7 23. Nd6 Bd5 24. f5 Rg8 25. Bc2 exf5 26. Nxf5 Qg5 27. Qxg5 Nxg5
28. Ne7 Nxh3+ 29. gxh3 Rge8 30. Nf5 Bc6 31. Nd6 Rxd6 32. Rd1 Rdd8 33. Bb3 Bd5
34. Ba4 Re7 35. a3 Rc7 36. Kf2 Rc3 37. Ke2 Bf3+ 38. Kd2 Bxd1 39. Kxc3 Bxa4 40.
Kc4 Bc6 41. a4 a5 42. h4 Kg8 43. h3 Kf8 44. h5 Ke7 45. h4 Ke6 46. Kd3 Kd5 47.
Ke3 Kc4 48. Ke2 Rxd4 49. Kf2 Rd3 50. Ke2 Kd4 51. Kf2 Bb5 52. Kg2 Re3 53. axb5 a4
54. Kf2 a3 55. e6 fxe6 56. Kg2 a2 57. Kf2 a1=Q 58. Kg2 Qa2+ 59. Kf1 Rb3 60. Ke1
Rb1# {White checkmated} 0-1

[Event "Team 45 45 League T57"]
[Site "Internet Chess Club"]
[Date "2013.06.05"]
[Round "3"]
[White "GideonL"]
[Black "mindstorm"]
[Result "1-0"]
[WhiteElo "1455"]
[BlackElo "1358"]
[Opening "Sicilian: O'Kelly variation"]
[ECO "B28"]
[Time "19:11:34"]
[TimeControl "2700+45"]

1. e4 c5 2. Nf3 a6 3. d4 cxd4 4. Nxd4 g6 5. Be3 Bg7 6. Nc3 Nc6 7. Bc4 Nf6 8. O-O
O-O 9. f4 e6 10. e5 Ne8 11. Nxc6 bxc6 12. Bc5 d6 13. exd6 Qd7 14. Na4 Rb8 15. c3
Nf6 16. Nb6 Qb7 17. d7 Nxd7 18. Nxd7 Rd8 19. Nf6+ Bxf6 20. Qc2 Bd7 21. b3 a5 22.
Rac1 Bg7 23. Rfd1 Re8 24. Qd2 Rbd8 25. Qe3 e5 26. Qf3 e4 27. Qe3 Bf5 28. Rxd8
Rxd8 29. g4 Bxg4 30. Qxe4 Bf5 31. Qe3 Qd7 32. Re1 h5 33. Bb6 Rb8 34. Bxa5 Ra8
35. b4 Bh6 36. Qe7 Qxe7 37. Rxe7 Rf8 38. Bc7 Bg7 39. Be5 Bxe5 40. fxe5 Kg7 41.
a4 Bc2 42. a5 g5 43. a6 Kg6 44. a7 Ra8 45. Bxf7+ Kh6 46. e6 Bf5 47. Rc7 {Black
resigns} 1-0